 Dungeon Crawl Stone Soup version 0.18-a0-1577-gf591c28 (webtiles) character file.

553 M4edhros the Slinger (level 7, -9/67 HPs)
             Began as an Octopode Hunter on Mar 19, 2016.
             Mangled by an ogre
             ... wielding a +0 giant spiked club
              (16 damage)
             ... on level 5 of the Dungeon.
             The game lasted 00:08:23 (3942 turns).

M4edhros the Slinger (Octopode Hunter)              Turns: 3942, Time: 00:08:23

Health: -9/67      AC: 23    Str: 11 (12) XL:     7   Next: 29%
Magic:  7/7        EV:  2    Int: 12 (15) God:
Gold:   196        SH:  0    Dex:  9 (12) Spells: 0 memorised, 6 levels left

rFire  . . .     SeeInvis .     a - +1 hunting sling
rCold  . . .     Gourm    .     (no shield)
rNeg   + + +     Faith    .     (helmet currently unavailable)
rPois  +         Spirit   .     e - amulet of harm
rElec  .         Dismiss  .     (no ring)
rCorr  .         Reflect  .     (no ring)
SustAt .         Harm     +     (no ring)
MR     .....     NoTele   +     (no ring)
Stlth  ++........               (no ring)
                                (no ring)
                                (no ring)
                                (no ring)

@: tree-form, not resistant to hostile enchantments, unstealthy
A: almost no armour, (amphibious), 8 rings, (constrict 8), (camouflage 0),
(gelatinous body 0)
a: no special abilities


You were on level 5 of the Dungeon.
You were not hungry.
You were a tree.
You visited 1 branch of the dungeon, and saw 5 of its levels.

You collected 196 gold pieces.

Inventory:

Hand Weapons
 a - a +1 hunting sling (weapon)
 b - a +0 short sword
 A - a +2 whip of electrocution
 C - a +0 longbow of evasion
 E - a +0 quarterstaff of speed
Missiles
 l - 44 arrows
 q - 6 sling bullets
 r - 132 stones (quivered)
Armour
 o - a +0 shield
Jewellery
 e - an amulet of harm (around neck)
 z - a cursed amulet of inaccuracy
Wands
 c - a wand of confusion (43/48)
Scrolls
 h - a scroll of amnesia
 n - a scroll of teleportation
 s - a scroll of blinking
 u - 2 scrolls of fog
 y - 2 scrolls of remove curse
Potions
 i - a potion of mutation {unknown}
 j - a potion of cure mutation {unknown}
 m - a potion of invisibility {unknown}
 t - a potion of degeneration
 x - a potion of ambrosia {unknown}
Comestibles
 d - 2 bread rations
 g - 2 meat rations
 k - 4 fruits
 D - 2 chunks of flesh


   Skills:
 - Level 2.0 Fighting
 - Level 8.2 Slings
 + Level 3.0 Dodging
 - Level 1.3 Stealth


You had 6 spell levels left.
You didn't know any spells.

Dungeon Overview and Level Annotations

Branches:
Dungeon (5/15)
 Temple: D:4-7

Altars:
Pakellas
Vehumet


Innate Abilities, Weirdness & Mutations

You cannot wear most types of armour.
((You are amphibious.))
You can wear up to eight rings at the same time.
((You can use your tentacles to constrict eight enemies at once.))
((Your skin changes colour to match your surroundings (Stealth).))
((Your rubbery body absorbs attacks (AC +1).))


Message History

Aim: an orc, wielding an enchanted hand axe (moderately wounded, chance to defeat MR: 81%)
The orc appears confused.
This wand has 44 charges left.
Evoke which item? (* to show all) (? for menu, Esc to quit)
Zapping:
c - a wand of confusion (44/48)
Press: ? - help, Shift-Dir - straight line, f/p - orc
Aim: an orc, wielding an enchanted hand axe (moderately wounded, confused, chance to defeat MR: 81%)
Okay, then.
Drink which item? (? for menu, Esc to quit)
It was a potion of degeneration.
There was something very wrong with that liquid.
You feel weakened.
You feel dopey.
You feel clumsy.
Evoke which item? (* to show all) (? for menu, Esc to quit)
Zapping:
c - a wand of confusion (44/48)
Press: ? - help, Shift-Dir - straight line, f/p - orc
Aim: an orc, wielding an enchanted hand axe (moderately wounded, confused, chance to defeat MR: 81%)
The ogre resists with some effort.
This wand has 43 charges left.
The orc hits the ogre with an enchanted hand axe!
The orc hits you but does no damage.
The ogre hits you with a giant spiked club!
You die...

#.. ####... # . ###..###.
...... #. ##. #....#..
....#. #... #.. #.##...
#..#. #...##.####.#...#
#..#.
#.h.o.(((......#######....
#...##.(..................
#....#..(.o...............
#....#.##♣O....##.........
#...####(#...######....
#..##....##.......#..#.
#...(...###.#####....#.
#..###o## #[# #......#.
#..##..# #.# .......).
#...##†#####.#.##.######
.....##...#$....## ######
...)............... ......


You could see an ogre, an orc priest (confused) and an orc (confused).

Vanquished Creatures
  A centaur (D:5)
  An ogre (D:4)
  A hound (D:4)
  2 orc priests
  3 orc wizards
  2 worker ants
  Robin (D:2)
  5 adders
  2 worms (D:3)
  2 dart slugs (D:1)
  5 giant geckos
  14 orcs
  8 bats
  4 giant cockroaches
  11 goblins
  14 hobgoblins
  2 jackals (D:4)
  6 kobolds
  2 quokkas
  A giant cockroach zombie (D:5)
  4 giant newts
  A quokka zombie (D:5)
  10 rats
102 creatures vanquished.

Vanquished Creatures (others)
  A phantom (D:4)
1 creature vanquished.

Grand Total: 103 creatures vanquished

Notes
Turn   | Place    | Note
--------------------------------------------------------------
     0 | D:1      | M4edhros the Octopode Hunter began the quest for the Orb.
     0 | D:1      | Reached XP level 1. HP: 14/14 MP: 1/1
    92 | D:1      | Reached XP level 2. HP: 19/19 MP: 2/2
   574 | D:2      | Noticed Robin
   575 | D:2      | Reached XP level 3. HP: 24/24 MP: 3/3
   599 | D:2      | Reached skill level 5 in Slings
   616 | D:2      | Killed Robin
   901 | D:2      | Reached XP level 4. HP: 15/29 MP: 4/4
  1635 | D:3      | Reached skill level 6 in Slings
  1641 | D:3      | Reached XP level 5. HP: 16/34 MP: 5/5
  2035 | D:3      | Found an oddly glowing altar of Pakellas.
  2035 | D:3      | Noticed a rakshasa
  2454 | D:3      | Reached skill level 7 in Slings
  2455 | D:3      | Reached XP level 6. HP: 27/39 MP: 6/6
  2916 | D:4      | Killed a phantom
  3175 | D:4      | Reached skill level 8 in Slings
  3175 | D:4      | Reached XP level 7. HP: 42/45 MP: 7/7
  3224 | D:4      | Found a radiant altar of Vehumet.
  3849 | D:5      | Entered Level 5 of the Dungeon
  3915 | D:5      | HP: 2/45 [ogre/giant spiked club (27)]
  3942 | D:5      | Mangled by an ogre

Vault maps used:
D:1:      ncdulo_lavacross
D:2:      corexii_item_surrounded_by_moat, uniq_robin
D:3:      gammafunk_pakellas_cloud_experiment
D:4:      vehumet_crystals, first_bread, lemuel_flame_loot_1
D:5:      nemelex_altar_shiori

Skill      XL: |  1  2  3  4  5  6  7 |
---------------+----------------------+-----
Slings         | 5 6 7 8 |  8.2
Dodging        | 3 |  3.0
Fighting       | |  2.0
Stealth        | |  1.3

Action                   |  1- 3 |  4- 6 |  7- 9 || total
-------------------------+-------+-------+-------++-------
Melee: Short sword       |    26 |    31 |       ||    57
       Quarterstaff      |       |       |    12 ||    12
 Fire: Hunting sling     |    54 |   123 |    38 ||   215
Evoke: Wand              |       |       |     5 ||     5
  Use: Scroll            |     1 |       |     9 ||    10
       Potion            |       |     3 |     3 ||     6
 Stab: Sleeping          |     1 |     3 |     1 ||     5
  Eat: Chunk             |       |     7 |     2 ||     9
